 Dungeon Crawl Stone Soup version 0.23.0-3-gf3c87f2 (webtiles) character file.

Game seed: 15393105344045001386

2468 Zanta616 the Skirmisher (level 9, -8/81 HPs)
             Began as a Minotaur Gladiator on Feb 24, 2019.
             Was an Elder of Zin.
             Mangled by a red ugly thing (19 damage)
             ... on level 8 of the Dungeon.
             The game lasted 00:17:27 (5522 turns).

Zanta616 the Skirmisher (Minotaur Gladiator)        Turns: 5522, Time: 00:17:28

Health: -8/81      AC: 14    Str: 19    XL:     9   Next: 26%
Magic:  0/8        EV:  8    Int:  8    God:    Zin [****..]
Gold:   371        SH:  5    Dex: 12    Spells: 8/8 levels left

rFire    . . .     SeeInvis .   b - +7 whip of Descent {freeze, MR+}
rCold    . . .     Gourm    .   G - +0 buckler
rNeg     . . .     Faith    .   z - +0 plate armour
rPois    .         Spirit   +   c - +2 hat
rElec    .         Reflect  .   (no cloak)
rCorr    .         Harm     .   (no gloves)
MR       ++...                  (no boots)
Stlth    ..........             o - amulet of guardian spirit
HPRegen  0.23/turn              x - ring of flight
MPRegen  0.11/turn              B - ring of protection from magic

@: about to teleport
A: retaliatory headbutt, horns 2
a: Recite, Vitalisation, Imprison, Donate Gold, Renounce Religion, Evoke Flight


You were on level 8 of the Dungeon.
You worshipped Zin.
Zin was greatly pleased with you.
You were not hungry.

You visited 2 branches of the dungeon, and saw 9 of its levels.

You collected 412 gold pieces.
You donated 41 gold pieces to Zin.

Inventory:

Hand Weapons
 a - a +0 battleaxe
 b - the +7 whip of Descent (weapon) {freeze, MR+}
   (You found it on level 5 of the Dungeon)

   It has been specially enchanted to freeze those struck by it, causing extra
   injury to most foes and up to half again as much damage against particularly
   susceptible opponents.
   It can also slow down cold-blooded creatures.
   It affects your resistance to hostile enchantments.
Missiles
 d - 5 throwing nets
 J - 7 javelins (quivered)
Armour
 c - a +2 hat (worn)
 z - a +0 plate armour (worn)
 G - a +0 buckler (worn)
Jewellery
 o - an amulet of guardian spirit (around neck)
 u - a cursed ring of ice {unknown}
 x - a ring of flight (left hand)
 B - a ring of protection from magic (right hand)
Wands
 p - a wand of iceblast (11)
 A - a wand of disintegration (2)
Scrolls
 e - 3 scrolls of teleportation
 g - a scroll of fear {unknown}
 i - a scroll of identify
 q - 2 scrolls of magic mapping
 r - 3 scrolls of remove curse
 s - a scroll of enchant weapon {unknown}
 v - 3 scrolls of amnesia
 y - a scroll of immolation {unknown}
 H - a scroll of silence {unknown}
Potions
 h - a potion of invisibility {unknown}
 j - a potion of resistance {unknown}
 k - 5 potions of cancellation
 m - 2 potions of degeneration {unknown}
 n - 2 potions of might {unknown}
 t - 3 potions of curing
 w - 3 potions of agility {unknown}
 C - a potion of magic {unknown}
 D - 3 potions of flight {unknown}
 E - 2 potions of mutation
 F - a potion of berserk rage
 I - a potion of lignification {unknown}
 K - a potion of brilliance {unknown}
Comestibles
 f - 12 rations


   Skills:
 + Level 7.8 Fighting
 + Level 7.6 Axes
 + Level 5.9 Throwing
 + Level 5.1 Armour
 - Level 6.0 Dodging
 - Level 4.0 Shields
 - Level 1.0 Invocations


You had 8 spell levels left.
You didn't know any spells.
Your spell library contained the following spells:

 Spells                   Type           Power        Failure   Level  Hunger
 Corona                   Hex            #......      100%        1    ##.....
 Ensorcelled Hibernation  Hex/Ice        #.....       100%        2    ###....
 Confuse                  Hex            #.......     100%        3    ####...
 Dazzling Spray           Conj/Hex       #.....       100%        3    ####...
 Tukima's Dance           Hex            #.......     100%        3    ####...


Dungeon Overview and Level Annotations

Branches:
Dungeon (8/15)             Temple (1/1) D:7
   Lair: D:8-11

Altars:
Ashenzari
Cheibriados
Elyvilon
Fedhas
Gozag
Hepliaklqana
Makhleb
Nemelex Xobeh
Okawaru
Qazlal
Sif Muna
Trog
Uskayaw
Vehumet
Wu Jian
Xom
Yredelemnul
Zin
The Shining One

Shops:
D:6 }


Innate Abilities, Weirdness & Mutations

You reflexively headbutt those who attack you in melee.
You have a pair of horns on your head.


Message History

Evoke which item? (* to show all) (? for menu, Esc to quit)
Aiming: Disintegrate
Press: ? - help, Shift-Dir - straight line, f/p - red ugly thing
Aim: a red ugly thing (moderately wounded, chance to defeat MR: 48%)
The red ugly thing is blasted!!
The red ugly thing punches you.
You are engulfed in flames!!
Evoke which item? (* to show all) (? for menu, Esc to quit)
Aiming: Disintegrate
Press: ? - help, Shift-Dir - straight line, f/p - red ugly thing
Aim: a red ugly thing (severely wounded, chance to defeat MR: 48%)
The red ugly thing is blasted.
The red ugly thing punches you.
You are engulfed in flames!!
* * * LOW HITPOINT WARNING * * *
Okay, then.
Okay, then.
As you read the scroll of teleportation, it crumbles to dust.
You feel strangely unstable. The red ugly thing punches you!
* * * LOW HITPOINT WARNING * * *
You are engulfed in flames!!
You die...

.#.......#.......#
.#....... #.......#
......... #........
......... ........#
........###......#
.........#.......##
......).##.<......#
......$..≈.........
....#..(.u@.####### .
..#..((.........#
..<......(......#.#
.........#..(..#..#
##......#..(..#...#
##........(.#....### ###
#.?.......#.....#.#####..
##.#.#.#.#........#..#...
#.#....................<


You could see a red ugly thing.

Vanquished Creatures
  Harold (D:7)
  A sky beast (D:8)
  2 ice beasts
  A centaur (D:8)
  2 ogres
  A bullfrog (D:7)
  2 scorpions
  5 howler monkeys
  4 crimson imps
  2 bullfrog zombies (D:7)
  3 jellies
  5 hounds
  2 orc priests
  An iguana (D:4)
  Natasha (thrice) (D:2)
  4 worker ants
  A killer bee zombie (D:8)
  7 adders
  A shadow imp (D:6)
  An ooze (D:3)
  2 adder skeletons
  An adder zombie (D:5)
  A worm (D:4)
  A dart slug (D:1)
  3 leopard geckos
  10 orcs
  9 bats
  6 giant cockroaches
  12 goblins
  10 hobgoblins
  6 kobolds
  4 quokkas
  3 ball pythons
  5 frilled lizards
  A quokka skeleton (D:4)
  A quokka zombie (D:7)
  10 rats
134 creatures vanquished.

Notes
Turn   | Place    | Note
-------+----------+-------------------------------------------
     0 | D:1      | Zanta616 the Minotaur Gladiator began the quest for the
                  | Orb.
     0 | D:1      | Reached XP level 1. HP: 18/18 MP: 0/0
   142 | D:1      | Reached XP level 2. HP: 25/25 MP: 1/1
   758 | D:1      | Reached XP level 3. HP: 31/31 MP: 2/2
  1056 | D:2      | Noticed Natasha
  1066 | D:2      | HP: 1/31 [shadow imp[Natasha] (5)]
  1067 | D:2      | Killed Natasha
  1069 | D:2      | Reached XP level 4. HP: 2/40 MP: 3/3
  1119 | D:2      | Noticed Natasha
  1362 | D:2      | Killed Natasha
  1486 | D:2      | Noticed Natasha
  1490 | D:2      | Killed Natasha
  1645 | D:2      | Found a blossoming altar of Fedhas.
  1867 | D:3      | Reached XP level 5. HP: 43/47 MP: 4/4
  1881 | D:3      | Found a shimmering altar of Xom.
  2429 | D:4      | Reached skill level 5 in Fighting
  2429 | D:4      | Reached XP level 6. HP: 19/56 MP: 2/5
  2673 | D:4      | Reached skill level 5 in Axes
  2702 | D:4      | Found a glowing silver altar of Zin.
  2720 | D:4      | Became a worshipper of Zin the Law-Giver
  2720 | D:4      | Reached * piety under Zin
  2804 | D:4      | Reached ** piety under Zin
  2857 | D:4      | Reached skill level 1 in Invocations
  3266 | D:4      | Found a deep blue altar of Sif Muna.
  3347 | D:5      | Entered Level 5 of the Dungeon
  3347 | D:5      | Found a glowing silver altar of Zin.
  3529 | D:5      | Noticed an ice beast
  3533 | D:5      | Reached XP level 7. HP: 47/61 MP: 4/6
  3545 | D:5      | Reached skill level 1 in Armour
  3545 | D:5      | Reached skill level 5 in Dodging
  3633 | D:5      | Found a hide-covered altar of Uskayaw.
  3923 | D:5      | Got an ichor-stained whip
  4008 | D:5      | Identified the +7 whip of Descent {freeze, MR+} (You found
                  | it on level 5 of the Dungeon)
  4114 | D:6      | Reached *** piety under Zin
  4190 | D:6      | Found Bolumyer's Gadget Emporium.
  4336 | D:6      | Reached XP level 8. HP: 56/71 MP: 5/7
  4383 | D:7      | Found a white marble altar of Elyvilon.
  4437 | D:7      | Found an ornate altar of the Wu Jian Council.
  4501 | D:7      | Reached skill level 1 in Shields
  4515 | D:7      | Found a glowing golden altar of the Shining One.
  4567 | D:7      | Noticed Harold
  4577 | D:7      | Killed Harold
  4577 | D:7      | Reached skill level 5 in Throwing
  4577 | D:7      | Reached XP level 9. HP: 56/79 MP: 3/8
  4607 | D:7      | Found a staircase to the Ecumenical Temple.
  4761 | D:7      | Reached **** piety under Zin
  4838 | D:7      | Found a bloodstained altar of Trog.
  4839 | D:7      | Found an iron altar of Okawaru.
  4980 | Temple   | Entered the Ecumenical Temple
  5251 | D:8      | Reached skill level 5 in Armour
  5511 | D:8      | Noticed a red ugly thing
  5522 | D:8      | Mangled by a red ugly thing

Skill      XL: |  1  2  3  4  5  6  7  8  9 |
---------------+----------------------------+-----
Fighting       | 3 4 5 6 7 |  7.8
Axes           | 4 5 6 7 |  7.6
Dodging        | 4 5 6 |  6.0
Throwing       | 3 4 5 |  5.9
Invocations    | 1 |  1.0
Armour         | 2 4 5 |  5.1
Shields        | 3 4 |  4.0

Action                   |  1- 3 |  4- 6 |  7- 9 || total
-------------------------+-------+-------+-------++-------
Melee: War axe           |    63 |   114 |    34 ||   211
       Headbutt          |    12 |    18 |    28 ||    58
       Whip              |       |       |   106 ||   106
Evoke: Wand              |       |       |     8 ||     8
  Use: Scroll            |       |    11 |     5 ||    16
       Potion            |       |       |     1 ||     1
  Eat: Chunk             |       |     8 |     4 ||    12
       Ration            |       |       |     1 ||     1
Armor: Leather armour    |     7 |       |       ||     7
       Ring mail         |     2 |    36 |       ||    38
       Plate armour      |       |    12 |    91 ||   103
Dodge: Dodged            |    53 |    71 |    44 ||   168
Block: Buckler           |       |       |    22 ||    22
